 Dungeon Crawl Stone Soup version 0.19.1 (webtiles) character file.

3291 omegacute the Grappler (level 9, -4/92 (93) HPs)
             Began as a Troll Berserker on Nov 29, 2016.
             Was an Elder of Trog.
             Slain by a six-headed hydra (8 damage)
             ... on level 8 of the Dungeon.
             The game lasted 00:15:47 (4772 turns).

omegacute the Grappler (Troll Berserker)            Turns: 4772, Time: 00:15:48

HP:   -4/92 (93)    AC:  6    Str: 27    XL:     9   Next: 69%
MP:   8/8           EV: 10    Int:  3    God:    Trog [****..]
Gold: 504           SH:  0    Dex: 12    Spells: 0 memorised, 8 levels left

rFire  . . .     SeeInvis .       - Unarmed
rCold  . . .     Gourm    +     a - +0 animal skin
rNeg   . . .     Faith    .     (no shield)
rPois  .         Spirit   .     (helmet restricted)
rElec  .         Reflect  .     j - +0 cloak
rCorr  .         Harm     .     (gloves unavailable)
MR     .....                    (boots unavailable)
Stlth  +.........               (no amulet)
                                (no ring)
                                (no ring)

@: no status effects
A: unfitting armour, claws 3, fast metabolism 3, gourmand, regeneration 1,
shaggy fur 1, tough skin 2
a: Berserk, Trog's Hand, Brothers in Arms, Burn Spellbooks, Renounce Religion


You were on level 8 of the Dungeon.
You worshipped Trog.
Trog was greatly pleased with you.
You were completely stuffed.

You visited 1 branch of the dungeon, and saw 8 of its levels.

You collected 504 gold pieces.

Inventory:

Armour
 a - a +0 animal skin (worn)
 j - a +0 cloak (worn)
Wands
 w - a wand of paralysis (19/24)
Scrolls
 d - 2 scrolls of enchant weapon
 e - a scroll of enchant armour {unknown}
 f - 3 scrolls of recharging
 g - 3 scrolls of teleportation
 h - a scroll of fear {unknown}
 i - 2 scrolls of fog {unknown}
 l - 2 scrolls of magic mapping
 n - 4 scrolls of identify {unknown}
 o - 4 scrolls of remove curse
 v - 2 scrolls of noise {unknown}
 y - a scroll of brand weapon {unknown}
 B - 2 scrolls of amnesia {unknown}
 C - a scroll of holy word {unknown}
Potions
 k - 3 potions of heal wounds {unknown}
 q - a potion of berserk rage {unknown}
 r - 3 potions of flight {unknown}
 s - 4 potions of curing {unknown}
 t - 3 potions of degeneration {unknown}
 x - 4 potions of lignification {unknown}
 z - a potion of brilliance {unknown}
 A - a potion of invisibility {unknown}
 D - a potion of resistance {unknown}
 E - a potion of cure mutation {unknown}
 G - a potion of agility {unknown}
Comestibles
 b - 6 bread rations
 c - 4 meat rations
 m - 3 beef jerkies
 p - 28 fruits
 u - 8 slices of pizza
 F - 8 chunks of flesh


   Skills:
 + Level 7.2 Fighting
 - Level 2.4 Dodging
 * Level 11.4 Unarmed Combat


You had 8 spell levels left.
You didn't know any spells.

Dungeon Overview and Level Annotations

Branches:
Dungeon (8/15)             Temple (0/1) D:4
   Lair: D:8-11

Altars:
Makhleb
Okawaru
Ru
Sif Muna
Vehumet

Shops:
D:5 *


Innate Abilities, Weirdness & Mutations

You are too large for most types of armour.
You have claws for hands.
Your metabolism is lightning-fast.
You like to eat raw meat.
Your natural rate of healing is unusually fast.
You are covered in fur. (AC +1)
You have very tough skin. (AC +2)


Message History

You completely miss the five-headed hydra.
The five-headed hydra is heavily wounded.
The big kobold completely misses you. The five-headed hydra bites you.
* * * LOW HITPOINT WARNING * * *
The five-headed hydra closely misses you.
The five-headed hydra barely misses you.
The five-headed hydra bites you!
* * * LOW HITPOINT WARNING * * *
The five-headed hydra bites you but does no damage.
You take 11 damage, and have 12/92 hp.
You claw one of the five-headed hydra's heads off!
The four-headed hydra grows two more!
You scratch the six-headed hydra.
The six-headed hydra is heavily wounded.
The big kobold hits you but does no damage.
The six-headed hydra closely misses you.
The six-headed hydra bites you but does no damage.
The six-headed hydra bites you!
* * * LOW HITPOINT WARNING * * *
The six-headed hydra bites you!
You die...

########## ######
#.)+.P≈PP####.....
#DK#≈≈≈≈P#........
#@##P≈P.≈#........
#(.#.....#.####...
#..'....≈).# ###.
#..'..P..### ##
#..'....≈#
#..#.....#
##########


You could see a six-headed hydra and a big kobold.

Vanquished Creatures
  Maurice (D:8)
  Prince Ribbit (D:6)
  2 dream sheep (D:8)
  2 yaks (D:8)
  A phantom (D:4)
  An orc warrior (D:8)
  2 ice beasts
  A black bear (D:7)
  A necrophage (D:7)
  2 centaurs
  An ogre (D:5)
  3 big kobolds
  4 bullfrogs
  A scorpion (D:5)
  2 howler monkeys
  2 crimson imps
  A centaur zombie (D:4)
  The ghost of Leybi the Sneak, a weakling SpAs (D:3)
  A gnoll shaman (D:7)
  A hound (D:5)
  2 jellies
  4 orc wizards
  5 worker ants
  2 hound skeletons (D:5)
  4 adders
  5 gnolls (D:7)
  A shadow imp (D:8)
  An adder skeleton (D:5)
  An adder zombie (D:5)
  4 worms
  3 dart slugs
  4 leopard geckos
  20 orcs
  4 giant cockroaches
  11 goblins
  10 hobgoblins
  17 jackals
  7 kobolds
  A quokka (D:4)
  3 ball pythons
  10 bats
  7 frilled lizards
  A leopard gecko skeleton (D:7)
  A leopard gecko zombie (D:6)
  5 rats
164 creatures vanquished.

Vanquished Creatures (others)
  5 toadstools (D:1)
5 creatures vanquished.

Grand Total: 169 creatures vanquished

Notes
Turn   | Place    | Note
-------+----------+-------------------------------------------
     0 | D:1      | omegacute the Troll Berserker began the quest for the Orb.
     0 | D:1      | Reached XP level 1. HP: 22/22 MP: 0/0
   159 | D:1      | Reached XP level 2. HP: 28/29 MP: 1/1
   579 | D:2      | Reached XP level 3. HP: 36/36 MP: 2/2
   613 | D:2      | Reached ** piety under Trog
   679 | D:2      | Reached skill level 4 in Unarmed Combat
  1019 | D:2      | Reached XP level 4. HP: 45/45 MP: 3/3
  1241 | D:3      | Noticed Leybi's ghost (weakling SpAs)
  1248 | D:3      | Killed Leybi's ghost
  1248 | D:3      | Reached *** piety under Trog
  1323 | D:3      | Reached XP level 5. HP: 53/53 MP: 4/4
  1432 | D:3      | Reached skill level 5 in Unarmed Combat
  1955 | D:3      | Found a burning altar of Makhleb.
  2011 | D:4      | Noticed a phantom
  2019 | D:4      | Killed a phantom
  2019 | D:4      | Reached XP level 6. HP: 48/62 MP: 5/5
  2113 | D:4      | Reached skill level 6 in Unarmed Combat
  2182 | D:4      | Reached **** piety under Trog
  2325 | D:4      | Found a staircase to the Ecumenical Temple.
  2639 | D:5      | Entered Level 5 of the Dungeon
  2719 | D:5      | Reached XP level 7. HP: 43/71 MP: 6/6
  2780 | D:5      | Found a radiant altar of Vehumet.
  2829 | D:5      | Found a sacrificial altar of Ru.
  2843 | D:5      | Reached skill level 7 in Unarmed Combat
  3065 | D:5      | Found an iron altar of Okawaru.
  3299 | D:5      | Found Sifriog's General Store.
  3450 | D:6      | Reached skill level 5 in Fighting
  3520 | D:6      | Noticed Prince Ribbit
  3536 | D:6      | Killed Prince Ribbit
  3536 | D:6      | Reached skill level 8 in Unarmed Combat
  3536 | D:6      | Reached XP level 8. HP: 68/80 MP: 7/7
  3767 | D:6      | Found a deep blue altar of Sif Muna.
  4111 | D:7      | Reached skill level 9 in Unarmed Combat
  4424 | D:7      | Reached skill level 10 in Unarmed Combat
  4528 | D:8      | Reached XP level 9. HP: 72/88 MP: 8/8
  4532 | D:8      | Noticed Maurice
  4546 | D:8      | Killed Maurice
  4637 | D:8      | Reached skill level 11 in Unarmed Combat
  4765 | D:8      | Noticed a two-headed hydra
  4772 | D:8      | HP: 4/92 [six-headed hydra (9)]
  4772 | D:8      | Slain by a six-headed hydra

Skill      XL: |  1  2  3  4  5  6  7  8  9 |
---------------+----------------------------+-----
Unarmed Combat | 4 5 6 8 10 11 | 11.4
Fighting       | 3 4 5 6 7 |  7.2
Dodging        | |  2.4

Action                   |  1- 3 |  4- 6 |  7- 9 || total
-------------------------+-------+-------+-------++-------
Melee: Unarmed           |   115 |   165 |   189 ||   469
       Punch             |     1 |     2 |     6 ||     9
Invok: Berserk           |       |     2 |     4 ||     6
       Trog's Hand       |       |       |     1 ||     1
  Use: Scroll            |       |     5 |       ||     5
  Eat: Chunk             |    15 |    15 |    26 ||    56
Armor: Animal skin       |    41 |    57 |    51 ||   149
Dodge: Dodged            |    70 |    92 |    83 ||   245
